 Dungeon Crawl Stone Soup version 0.29-a0-813-g4a14ea37d6 (webtiles) character file.

Game seed: 4378648439510551151

5646 purpskrrrp the Basher (level 10, 0/98 HPs)
             Began as a Troll Fighter on July 4, 2022.
             Was an Initiate of Gozag.
             Killed from afar by Fannar (32 damage)
             ... with a bolt of cold
             ... on level 10 of the Dungeon.
             The game lasted 00:42:10 (8213 turns).

purpskrrrp the Basher (Troll Fighter)               Turns: 8213, Time: 00:42:10

Health: 0/98       AC: 13    Str: 33    XL:     10   Next: 46%
Magic:  9/9        EV: 11    Int:  4    God:    Gozag
Gold:   1095       SH:  0    Dex:  9    Spells: 9/9 levels left

rFire   + . .      SeeInvis .   C - +2 morningstar (vamp)
rCold   . . .      Faith    .   t - orb {mayhem}
rNeg    . . .      Spirit   .   E - +1 robe "Mip Ren" {rPois rF+}
rPois   +          Reflect  .   (helmet restricted)
rElec   .          Harm     .   (no cloak)
rCorr   .          Rampage  .   (gloves unavailable)
Will    .....                   (boots unavailable)
Stlth   +.........              A - amulet of magic regeneration
HPRegen 1.06/turn               k - +4 ring of protection
MPRegen 0.51/turn               o - ring "Gesy" {AC+4 Str+3}

@: no status effects
A: large, unfitting armour, claws 3, regeneration 1, shaggy fur 1, tough skin 1
a: Renounce Religion, Potion Petition, Call Merchant, Bribe Branch


You were on level 10 of the Dungeon.
You worshipped Gozag.
Gozag was most pleased with you.
You visited 2 branches of the dungeon, and saw 11 of its levels.

You collected 1134 gold pieces.
You paid 39 gold pieces to Gozag.

Inventory:

Hand Weapons
 a - a +1 flail of venom
 f - a +3 flail of protection
 l - a +0 giant club
 v - the +3 woodcutter's axe {vorpal}
   (You found it on level 3 of the Dungeon)

   It inflicts extra damage upon your enemies.
 C - a +2 vampiric morningstar (weapon)
Missiles
 m - 6 poisoned darts
Armour
 b - a +1 robe
 c - a +1 kite shield
 d - a +2 robe of the Archmagi
 t - an orb of mayhem (worn)
 E - the +1 robe "Mip Ren" (worn) {rPois rF+}
   (You found it on level 7 of the Dungeon)

   rF:        It protects you from fire.
   rPois:     It protects you from poison.
Jewellery
 k - a +4 ring of protection (left claw)
 o - the ring "Gesy" (right claw) {AC+4 Str+3}
   (You found it on level 2 of the Dungeon)

   [ring of protection]

   AC:        It affects your AC (+4).
   Str:       It affects your strength (+3).
 s - a ring of ice
 A - an amulet of magic regeneration (around neck)
 L - the ring of Modim {Contam rPois rN+ MP+9 SInv}
   (You found it on level 8 of the Dungeon)

   [ring of magical power]

   rPois:     It protects you from poison.
   rN:        It protects you from negative energy.
   MP:        It affects your magic capacity (+9).
   SInv:      It lets you see invisible.
   Contam:    It causes magical contamination when unequipped.
Wands
 p - a wand of roots (15)
 G - a wand of digging (5)
 M - a wand of flame (15) (quivered)
Scrolls
 e - 2 scrolls of vulnerability
 h - a scroll of brand weapon
 i - 2 scrolls of fog
 q - 3 scrolls of immolation
 r - 5 scrolls of fear
 D - 6 scrolls of identify
 F - 3 scrolls of teleportation
 H - 3 scrolls of enchant armour
 K - a scroll of amnesia {unknown}
Potions
 g - 2 potions of curing
 j - 4 potions of flight
 n - a potion of brilliance
 u - a potion of haste {unknown}
 w - a potion of ambrosia {unknown}
 x - a potion of berserk rage {unknown}
 z - 2 potions of lignification {unknown}
 B - 2 potions of resistance {unknown}
 J - a potion of cancellation {unknown}
 N - a potion of attraction {unknown}


   Skills:
 * Level 6.1 Fighting
 * Level 10.4 Maces & Flails
 + Level 2.5 Throwing
 * Level 6.8 Dodging
 - Level 1.3 Stealth
 + Level 3.4 Shields


You had 9 spell levels left.
You didn't know any spells.
Your spell library contained the following spells:

 Spells                   Type           Power      Damage    Failure   Level
 Apportation              Tloc           0%         N/A       50%         1
 Magic Dart               Conj           0%         1d3       50%         1
 Necrotise                Necr           0%         1d4       50%         1
 Slow                     Hex            0%         N/A       50%         1
 Summon Small Mammal      Summ           0%         N/A       50%         1
 Call Imp                 Summ           0%         N/A       65%         2
 Confusing Touch          Hex            0%         N/A       86%         3
 Inner Flame              Hex/Fire       0%         N/A       86%         3
 Mephitic Cloud           Conj/Pois/Air  0%         N/A       86%         3
 Vampiric Draining        Necr           0%         2d6       86%         3
 Cause Fear               Hex            0%         N/A       99%         4
 Blade Hands              Tmut           0%         N/A       100%        5
 Irradiate                Conj/Tmut      0%         3d13      100%        5
 Dragon Form              Tmut           0%         N/A       100%        7
 Discord                  Hex            0%         N/A       100%        8


Dungeon Overview and Level Annotations

Branches:
Dungeon (10/15)            Temple (1/1) D:4             Orc (0/2) D:9
   Lair: D:8-11

Altars:
Ashenzari
Cheibriados
Dithmenos
Elyvilon
Fedhas
Gozag
Hepliaklqana
Kikubaaqudgha
Makhleb
Nemelex Xobeh
Okawaru
Qazlal
Ru
Sif Muna
Trog
Uskayaw
Vehumet
Wu Jian
Xom
Yredelemnul
Zin
The Shining One

Shops:
D:8 [

Annotations:
D:10 Fannar


Innate Abilities, Weirdness & Mutations

You are too large for most types of armour.
You have claws for hands.
Your natural rate of healing is unusually fast.
You are covered in fur. (AC +1)
You have tough skin. (AC +1)


Message History

The air fills with toxic fumes!
As you read the scroll of poison, it crumbles to dust.
Fannar closely misses you.
You impale Fannar!!
You feel better.
Fannar is moderately wounded.
Fannar barely misses you.
You closely miss Fannar.
Fannar is moderately wounded.
Fannar hits you but does no damage. Fannar freezes you!
You barely miss Fannar.
Fannar is moderately wounded.
Fannar mumbles some strange words.
You thump Fannar!
You feel better.
Fannar is heavily wounded.
Fannar hits you but does no damage. Fannar freezes you.
You puncture Fannar!
You feel better.
Fannar is heavily wounded.
Some snowflakes condense on Fannar.
Fannar hits you with a staff of cold. Fannar freezes you!
The ice beast hits you but does no damage.
You barely miss Fannar.
Fannar is heavily wounded.
Fannar hits you but does no damage. Fannar freezes you! The ice beast hits you.
* * * LOW HITPOINT WARNING * * *
The ice beast freezes you.
* * * LOW HITPOINT WARNING * * *
You miss Fannar.
Fannar is heavily wounded.
Fannar barely misses you. The ice beast barely misses you.
You feel better. Fannar barely misses you. The ice beast closely misses you.
You miss Fannar.
Fannar is heavily wounded.
Fannar hits you but does no damage. Fannar freezes you.
The ice beast hits you but does no damage.
You closely miss Fannar.
Fannar is heavily wounded.
Fannar gestures at you while chanting. The bolt of cold hits you!!
You die...
Your body crumbles into a pile of gold.

○§ #§
#§########## .
°§#§§○.☼§§# ..
#☼#○§.☼☼§☼# #..
#§☼§☼§○.○○☼
#..### #eY§☼○§○§§
#.....##
###@☼§.§§☼.
#..####§§☼○§°°☼§.
##..§§§§###○##§§○
$ # ##☼§°○[.# §§§
☼ ....# #○####.#
#§.# ..§.# #§.#
.# °☼# ....#
...## .. §§☼
.K..# #.## ##. §#
..5.# #.# # .#


You could see Fannar and an ice beast (summoned).

Vanquished Creatures
  Psyche (D:10)
  A troll (D:10)
  Sigmund (D:3)
  4 yaks (D:10)
  Eustachio (D:5)
  A steam dragon (D:9)
  Edmund (D:6)
  An acid dragon (D:10)
  Duvessa (D:6)
  2 water moccasins (D:6)
  2 sky beasts
  An ice beast (D:5)
  8 orc warriors
  An ogre (D:7)
  4 centaurs
  A phantom (D:5)
  A kobold brigand (D:7)
  A gnoll sergeant (D:9)
  3 necrophages
  2 bullfrogs
  A wight (D:10)
  Dowan (D:6)
  10 killer bees
  3 howler monkeys (D:8)
  4 hounds
  6 orc priests
  Ijyb (D:3)
  An iguana (D:4)
  6 orc wizards
  Robin (D:3)
  3 gnolls (D:9)
  15 adders
  A shadow imp (D:5)
  2 white imps
  An ufetubus (D:6)
  3 dart slugs
  20 orcs
  11 ball pythons
  7 bats
  3 endoplasms
  5 giant cockroaches
  11 goblins
  8 hobgoblins
  2 jackals (D:4)
  12 kobolds
  A quokka (D:5)
  3 frilled lizards
  4 rats
184 creatures vanquished.

Vanquished Creatures (collateral kills)
  A killer bee (D:8)
  4 orc priests
  An orc wizard (D:9)
  A gnoll (D:9)
  3 orcs
  An endoplasm (D:4)
  4 kobolds (D:7)
15 creatures vanquished.

Vanquished Creatures (others)
  A centaur (D:9)
  A wight (D:10)
  An orc wizard (D:7)
  A gnoll (D:9)
  3 orcs
  12 fungi (D:5)
19 creatures vanquished.

Grand Total: 218 creatures vanquished

Notes
Turn   | Place    | Note
-------+----------+-------------------------------------------
     0 | D:1      | purpskrrrp the Troll Fighter began the quest for the Orb.
     0 | D:1      | Reached XP level 1. HP: 22/22 MP: 0/0
   234 | D:1      | Reached XP level 2. HP: 26/29 MP: 1/1
   281 | D:1      | Reached skill level 2 in Maces & Flails
   828 | D:1      | Reached XP level 3. HP: 36/36 MP: 2/2
  1049 | D:2      | Found a sparkling altar of Nemelex Xobeh.
  1411 | D:2      | Reached XP level 4. HP: 43/44 MP: 3/3
  1525 | D:2      | Identified the ring "Gesy" {AC+4 Str+3}
  1713 | D:3      | Found the +3 woodcutter's axe {vorpal}
  1717 | D:3      | Found a faded altar of an unknown god.
  1724 | D:3      | Noticed Ijyb
  1739 | D:3      | Killed Ijyb
  2092 | D:3      | Found a stormy altar of Qazlal.
  2100 | D:3      | Noticed Robin
  2123 | D:3      | Reached skill level 3 in Maces & Flails
  2130 | D:3      | Reached XP level 5. HP: 53/53 MP: 4/4
  2154 | D:3      | Killed Robin
  2422 | D:3      | Noticed Sigmund
  2427 | D:3      | Killed Sigmund
  2428 | D:3      | Reached XP level 6. HP: 59/61 MP: 5/5
  2830 | D:4      | Reached skill level 4 in Maces & Flails
  2936 | D:4      | Reached XP level 7. HP: 27/67 MP: 6/6
  3161 | D:4      | Found a staircase to the Ecumenical Temple.
  3180 | Temple   | Entered the Ecumenical Temple
  3219 | Temple   | Became a worshipper of Gozag Ym Sagoz the Greedy
  3782 | D:5      | Entered Level 5 of the Dungeon
  3893 | D:5      | Reached skill level 5 in Maces & Flails
  4300 | D:5      | Noticed Eustachio
  4341 | D:5      | Killed Eustachio
  4502 | D:5      | Reached XP level 8. HP: 78/78 MP: 7/7
  4555 | D:6      | Reached skill level 6 in Maces & Flails
  4556 | D:6      | Noticed Dowan
  4575 | D:6      | Killed Dowan
  4576 | D:6      | Reached skill level 1 in Throwing
  4578 | D:6      | Noticed Duvessa
  4591 | D:6      | Killed Duvessa
  4592 | D:6      | Reached skill level 5 in Dodging
  4726 | D:6      | Noticed Edmund
  4750 | D:6      | Killed Edmund
  4817 | D:6      | Reached skill level 7 in Maces & Flails
  5166 | D:7      | Identified the +1 robe "Mip Ren" {rPois rF+}
  5219 | D:7      | Reached XP level 9. HP: 78/85 MP: 8/8
  5397 | D:7      | Reached skill level 8 in Maces & Flails
  5621 | D:7      | Found a glowing silver altar of Zin.
  5966 | D:8      | Reached skill level 1 in Stealth
  6087 | D:8      | Reached skill level 5 in Fighting
  6300 | D:8      | Identified the ring of Modim {Contam rPois rN+ MP+9 SInv}
  6474 | D:8      | Found Kiliu's Antique Armour Shoppe.
  6487 | D:8      | Reached skill level 9 in Maces & Flails
  7372 | D:9      | Found a staircase to the Orcish Mines.
  7375 | D:9      | Identified the +3 pair of boots of the Good {Contam Rampage
                  | Str+5 Dex-4}
  7542 | D:9      | Reached XP level 10. HP: 84/96 MP: 9/9
  8088 | D:10     | Entered Level 10 of the Dungeon
  8090 | D:10     | Noticed Psyche
  8096 | D:10     | Killed Psyche
  8114 | D:10     | Reached skill level 10 in Maces & Flails
  8133 | D:10     | Noticed an orange demon
  8156 | D:10     | Noticed a rust devil
  8197 | D:10     | Noticed Fannar
  8213 | D:10     | Killed from afar by Fannar

Illustrated notes

Levels and vault maps discovered:
D:1:      dpeg_arrival_short_road, layout_loops_corners, minmay_tromino_i4
D:2:      layout_basic, basic_altar, serial_rivers,
          chequers_serial_rivers_large_b, chequers_serial_rivers_small_a,
          chequers_serial_rivers_micro_d, chequers_serial_rivers_micro_b
D:3:      layout_loops_corners, mainiacjoe_overflow_concentric_impassable,
          hellmonk_ecumenical_altar_blasted, uniq_ijyb, uniq_sigmund, uniq_robin
D:4:      layout_basic, temple_fountains
D:5:      layout_basic, serial_aquarium, aquarium_bridge_square
          [aquarium_subvault_bridge, aquarium_subvault_window,
          aquarium_subvault_balcony, aquarium_subvault_bridge],
          aquarium_bridge_straight [aquarium_subvault_bridge,
          aquarium_subvault_window, aquarium_subvault_bridge,
          aquarium_subvault_window], aquarium_window_corridor_1,
          aquarium_window_corner, aquarium_window_corner, aquarium_view_2e,
          aquarium_balcony_3b, aquarium_pool_split, uniq_eustachio
D:6:      layout_rooms, kennysheep_generic_room_14, uniq_edmund, uniq_duvessa
D:7:      layout_loops_ring, old_standard_altar, serial_glass, glass_columns_a,
          glass_columns_b
D:8:      layout_layer_cave, serial_shops, nicolae_shop_waterfront
D:9:      layout_irregular_city, orc_0_dummy
D:10:     layout_rooms, enter_bailey_2, uniq_fannar, uniq_psyche
Temple:   mainiacjoe_temple_big_plus

Skill      XL: |  1  2  3  4  5  6  7  8  9 10 |
---------------+-------------------------------+-----
Maces & Flails | 2 3 4 5 7 9 10 | 10.4
Dodging        | 3 4 5 6 |  6.8
Shields        | 3 |  3.4
Fighting       | 3 4 5 6 |  6.1
Throwing       | 1 2 |  2.5
Stealth        | 1 |  1.3

Action                   |  1- 3 |  4- 6 |  7- 9 | 10-12 || total
-------------------------+-------+-------+-------+-------++-------
Melee: Flail             |   115 |   162 |   132 |       ||   409
       Morningstar       |       |       |   222 |   107 ||   329
Throw: Dart              |       |     8 |    48 |     4 ||    60
Evoke: Wand              |       |       |       |     7 ||     7
  Use: Scroll            |     8 |     6 |     2 |     4 ||    20
       Potion            |       |     2 |     5 |     1 ||     8
 Stab: Distracted        |       |       |     3 |       ||     3
       Sleeping          |       |       |       |     1 ||     1
Armor: Robe              |    67 |   123 |   174 |    74 ||   438
Dodge: Dodged            |    48 |    89 |   193 |    80 ||   410
Block: Kite shield       |    67 |    43 |       |       ||   110

Table legend: (Time is in decaauts)
 A = Elapsed time spent in this place.
 B = Non-inter-level travel time spent in this place.
 C = Inter-level travel time spent in this place.
 D = Time resting spent in this place.
 E = Time spent auto-exploring this place.
 F = Levels seen in this place.
 G = Mean time per level.
                   A        B        C        D        E       F      G
               +--------+--------+--------+--------+--------+-----+--------+
         Total |   8370 |   7487 |    883 |    317 |   5293 |  11 |  760.9 |
       Dungeon |   7924 |   7091 |    833 |    317 |   4907 |  10 |  792.4 |
        Temple |    445 |    395 |     50 |      0 |    386 |   1 |  445.0 |
               +--------+--------+--------+--------+--------+-----+--------+

Top non-repeatable levels by time:
     D:8: 1310 daAuts
     D:3: 1198 daAuts
     D:1: 1044 daAuts
     D:9: 924 daAuts
     D:5: 778 daAuts
     D:7: 712 daAuts
     D:2: 692 daAuts
     D:6: 606 daAuts
     D:4: 531 daAuts
  Temple: 445 daAuts
    D:10: 124 daAuts
